 Dungeon Crawl Stone Soup version 0.21.1-1-g345015f (webtiles) character file.

1680 tev the Chopper (level 8, -4/65 HPs)
             Began as a Demonspawn Berserker on July 30, 2018.
             Was an Elder of Trog.
             Slain by an earth elemental (14 damage)
             ... summoned by a deep elf mage
             ... on level 6 of the Dungeon.
             The game lasted 00:32:04 (6281 turns).

tev the Chopper (Demonspawn Berserker)              Turns: 6281, Time: 00:32:05

Health: -4/65      AC:  9    Str: 20    XL:     8   Next: 70%
Magic:  8/8        EV:  7    Int:  9    God:    Trog [****..]
Gold:   387        SH:  0    Dex: 12    Spells: 7/7 levels left

rFire    x . .     SeeInvis .   b - +5 battleaxe (curse)
rCold    + . .     Gourm    .   (shield currently unavailable)
rNeg     . . .     Faith    .   f - +2 scale mail {rPois}
rPois    +         Spirit   .   (no helmet)
rElec    .         Reflect  +   (no cloak)
rCorr    .         Harm     .   (no gloves)
MR       ++...                  o - +0 pair of boots
Stlth    ..........             d - +5 amulet of reflection
HPRegen  1.20/turn              p - ring of ice
MPRegen  0.11/turn              (no ring)

@: lethally poisoned (-4 -> -5), berserk cooldown, held, regenerating, slowed,
very slow
A: hooves 2, powered by death 1, spiny 1, sturdy frame 1
a: Berserk, Trog's Hand, Brothers in Arms, Burn Spellbooks, Renounce Religion


You were on level 6 of the Dungeon.
You worshipped Trog.
Trog was greatly pleased with you.
You were not hungry.

You visited 1 branch of the dungeon, and saw 7 of its levels.

You collected 387 gold pieces.

Inventory:

Hand Weapons
 b - a cursed +5 battleaxe (weapon)
Armour
 f - a +2 scale mail of poison resistance (worn)
 k - a +0 leather armour of cold resistance
 o - a +0 pair of boots (worn)
Jewellery
 d - a +5 amulet of reflection (around neck)
 p - a ring of ice (left hand)
Scrolls
 a - a scroll of fog
 e - a scroll of remove curse
 g - 3 scrolls of identify
 j - 2 scrolls of teleportation
 l - a scroll of magic mapping
 q - a scroll of fear
Potions
 h - 2 potions of curing
 i - 2 potions of heal wounds {unknown}
 m - a potion of berserk rage {unknown}
 n - 3 potions of flight {unknown}
Comestibles
 c - 7 rations


   Skills:
 + Level 6.4 Fighting
 + Level 6.7 Axes
 + Level 2.8 Armour
 + Level 6.0 Dodging


You had 7 spell levels left.
You didn't know any spells.

Dungeon Overview and Level Annotations

Branches:
Dungeon (7/15)             Temple (0/1) D:4

Altars:


Innate Abilities, Weirdness & Mutations

You have hoof-like feet.
You regenerate a little health from kills.
You are partially covered in sharp spines.
Your movements are slightly less encumbered by armour. (ER -2)


Message History

The deep elf mage is severely wounded.
You feel sick.
The deep elf mage hits you with a rapier of venom.
* * * LOW HITPOINT WARNING * * *
The gnoll throws a throwing net.
The throwing net hits you.
You become entangled in the net!
You tear a large gash into the net.
The deep elf mage is struck by your spines.
The deep elf mage hits you with a rapier of venom.
* * * LOW HITPOINT WARNING * * *
You are more poisoned.
You struggle against the net.
You feel a strong urge to attack something.
You are no longer berserk.
You are exhausted.
You feel yourself slow down.
You feel sick. The earth elemental hits you!
* * * LOW HITPOINT WARNING * * *
The deep elf mage gestures wildly while chanting.
The earth elemental hits you!
You die...

#############
#..EE..E.....
#.)E@e...Y...
###########>))#..8...8.
#.........#...#..#...#.
#..###.##..##.#รทรท#
..# #.....###....#..# #
#####...###.g#..#
#.#..###.#..#
#.##.###[#..# #
#.##..##.#..'


You could see 4 earth elementals, a deep elf mage, an ice beast and a gnoll.

Vanquished Creatures
  Edmund (D:5)
  A hornet zombie (D:6)
  An ice beast (D:5)
  2 ogres
  A phantom (D:5)
  The ghost of Lilu the Conjurer, an amateur DECj (D:3)
  A bullfrog (D:6)
  5 wights (D:5)
  3 jellies (D:5)
  A crimson imp (D:6)
  3 hounds
  2 orc priests
  3 orc wizards
  3 worker ants (D:4)
  Terence (D:3)
  2 hound skeletons (D:4)
  A worker ant zombie (D:6)
  6 adders
  4 gnolls
  A howler monkey skeleton (D:2)
  A shadow imp (D:6)
  2 oozes
  An adder skeleton (D:5)
  4 worms
  A dart slug (D:1)
  3 leopard geckos
  19 orcs
  3 bats
  5 giant cockroaches
  8 goblins
  8 hobgoblins
  22 jackals
  2 quokkas
  7 frilled lizards
  7 kobolds
  A quokka skeleton (D:4)
  10 rats
147 creatures vanquished.

Notes
Turn   | Place    | Note
-------+----------+-------------------------------------------
     0 | D:1      | tev the Demonspawn Berserker began the quest for the Orb.
     0 | D:1      | Reached XP level 1. HP: 18/18 MP: 1/1
    79 | D:1      | Gained mutation: You are partially covered in sharp spines. [demonic ancestry]
    79 | D:1      | Reached XP level 2. HP: 13/24 MP: 2/2
   705 | D:1      | Reached XP level 3. HP: 26/29 MP: 3/3
   869 | D:1      | Reached ** piety under Trog
  1570 | D:2      | Gained mutation: You have large cloven feet. [demonic ancestry]
  1570 | D:2      | Reached XP level 4. HP: 27/37 MP: 4/4
  2725 | D:3      | Reached *** piety under Trog
  2726 | D:3      | Noticed Terence
  2740 | D:3      | Killed Terence
  2740 | D:3      | Gained mutation: You have hoof-like feet. [demonic ancestry]
  2740 | D:3      | Reached XP level 5. HP: 41/42 MP: 5/5
  2864 | D:3      | Noticed Lilu's ghost (amateur DECj)
  2873 | D:3      | Killed Lilu's ghost
  3224 | D:4      | Reached XP level 6. HP: 29/49 MP: 6/6
  4103 | D:4      | Found a staircase to the Ecumenical Temple.
  4113 | D:4      | Reached skill level 5 in Fighting
  4499 | D:4      | Gained mutation: Your movements are slightly less encumbered by armour. (ER -2) [demonic ancestry]
  4499 | D:4      | Reached XP level 7. HP: 53/56 MP: 7/7
  4570 | D:5      | Entered Level 5 of the Dungeon
  4649 | D:5      | Reached skill level 5 in Dodging
  5170 | D:5      | Reached skill level 5 in Axes
  5241 | D:5      | Noticed Edmund
  5254 | D:5      | Killed Edmund
  5254 | D:5      | Gained mutation: You regenerate a little health from kills. [demonic ancestry]
  5254 | D:5      | Reached XP level 8. HP: 54/64 MP: 8/8
  5575 | D:5      | Reached **** piety under Trog
  6037 | D:6      | Noticed a deep elf mage
  6281 | D:6      | Slain by an earth elemental

Skill      XL: |  1  2  3  4  5  6  7  8 |
---------------+-------------------------+-----
Axes           | 3 4 5 6 |  6.7
Dodging        | 2 3 4 5 6 |  6.0
Armour         | 2 |  2.8
Fighting       | 4 5 6 |  6.4

Action                   |  1- 3 |  4- 6 |  7- 9 || total
-------------------------+-------+-------+-------++-------
Melee: Hand axe          |     8 |       |       ||     8
       Flail             |    79 |   151 |    40 ||   270
       Kick              |       |    42 |    15 ||    57
       Battleaxe         |       |       |    81 ||    81
Invok: Berserk           |     1 |     3 |     3 ||     7
       Trog's Hand       |       |     1 |     1 ||     2
  Use: Scroll            |     3 |     8 |     2 ||    13
       Potion            |       |     1 |       ||     1
 Stab: Sleeping          |       |     1 |       ||     1
       Distracted        |       |     1 |       ||     1
  Eat: Chunk             |     3 |    11 |       ||    14
       Ration            |       |     1 |     2 ||     3
Armor: Animal skin       |     8 |    19 |       ||    27
       Leather armour    |       |       |     8 ||     8
       Scale mail        |       |       |    34 ||    34
Dodge: Dodged            |    46 |    53 |    69 ||   168
Block: Other             |    15 |    18 |    33 ||    66
       Large shield      |       |    84 |    26 ||   110
       Reflection        |       |       |     2 ||     2
